Devils vs Capitals
Created - December 1, 2019 at 19:20
Goals
|
| Devils |
1 |
0 |
0 |
1 |
2 |
| Capitals |
1 |
0 |
0 |
0 |
1 |
|
Shots
|
| Devils |
6 |
8 |
11 |
2 |
27 |
| Capitals |
10 |
12 |
5 |
1 |
28 |
|
1st period
1. Devils , Jaden Schwartz 4 (Cody Hodgson 9, Shea Weber 5) at 14:48
2. Capitals , T.J. Oshie 4 (Ryan Nugent-Hopkins 4) at 15:43
Penalties :
Nikita Kucherov (NJD) for High sticking (Minor) at 16:26
2nd period
No Goal
Penalties :
Ryan Getzlaf (Was) for Hooking (Minor) at 2:59, Kellan Lain (NJD) for Hooking (Minor) at 5:46, Jaden Schwartz (NJD) for Hooking (Minor) at 8:27, Ryan Getzlaf (Was) for Hooking (Minor) at 13:17
3rd period
No Goal
Penalties :
Pernell Karl Subban (NJD) for Slashing (Minor) at 2:14, Thomas Vanek (Was) for Hooking (Minor) at 6:03, Brandon Burlon (NJD) for Butt-ending (Major / Game Misconduct) at 16:24
Overtime #1
3. Devils , Cody Hodgson 4 (Johnny Gaudreau 13, Shea Weber 6) at 1:37
Penalties :
No Penalty
Goalie Stats
Keith Kinkaid (NJD), 27 saves from 28 shots - (0.964), W, 1-1-0, 61:37 minutes
Mike Smith (Was), 25 saves from 27 shots - (0.926), OTL, 0-2-1, 61:37 minutes
Players Stats for Devils
Player Name G A P +/- PIM S H SB GA TA FO MP PP MP PK MP
------------------------------------------------------------------------------------
Anthony Stewart 0 0 0 0 0 2 0 0 0 0 0/0 11:46 0:04 3:33
Brandon Burlon 0 0 0 0 15 0 1 2 0 0 0/0 10:10 0:00 1:07
Cody Hodgson 1 1 2 2 0 2 0 0 2 1 11/19 14:08 0:04 0:00
Jaden Schwartz 1 0 1 1 2 5 4 0 1 0 1/1 19:25 2:33 3:30
Johnny Gaudreau 0 1 1 1 0 1 3 0 0 0 0/0 16:47 3:20 2:04
Kellan Lain 0 0 0 -1 2 1 2 0 0 0 0/1 9:19 0:00 0:00
Ladislav Smid 0 0 0 0 0 0 0 1 0 0 0/0 18:41 0:00 6:24
Marian Hossa 0 0 0 -1 0 0 0 0 0 1 0/0 8:56 0:00 0:00
Nikita Kucherov 0 0 0 0 2 6 2 0 0 0 2/2 14:40 3:20 0:00
Pernell Karl Subban 0 0 0 0 2 1 0 1 1 1 0/0 23:53 2:21 5:49
Rostislav Olesz 0 0 0 0 0 3 0 1 2 0 0/0 14:34 0:04 5:20
Ryan Johansen 0 0 0 0 0 2 1 0 0 1 11/16 20:09 3:20 5:28
Samuel Morin 0 0 0 1 0 1 0 0 0 0 0/0 27:33 3:36 5:46
Shea Weber 0 2 2 1 0 0 1 0 1 0 0/0 22:36 3:36 1:05
Tobias Enstrom 0 0 0 0 0 1 0 1 0 0 0/0 20:33 2:21 5:26
Tyler Bozak 0 0 0 0 0 1 0 1 0 0 1/3 10:50 0:00 3:29
Tyler Seguin 0 0 0 -1 0 0 3 0 1 0 2/7 13:40 2:33 1:15
Viktor Arvidsson 0 0 0 1 0 1 0 1 0 0 1/2 15:48 2:33 0:00
Players Stats for Capitals
Player Name G A P +/- PIM S H SB GA TA FO MP PP MP PK MP
------------------------------------------------------------------------------------
Blake Wheeler 0 0 0 -1 0 5 1 1 0 0 0/0 10:42 0:55 0:00
Brent Seabrook 0 0 0 -1 0 4 0 3 1 1 0/0 27:15 6:47 3:57
Jason Pominville 0 0 0 0 0 1 2 0 1 0 0/0 19:33 5:03 1:40
Joe Pavelski 0 0 0 0 0 2 1 0 0 0 0/0 22:40 5:33 2:48
Joe Thornton 0 0 0 0 0 1 1 0 1 0 9/19 22:43 5:35 2:49
Josh Manson 0 0 0 0 0 1 0 0 0 1 0/0 14:40 0:34 0:00
Mikko Koivu 0 0 0 -1 0 2 5 0 0 0 2/7 10:36 0:49 0:00
Nick Leddy 0 0 0 0 0 3 1 1 0 0 0/0 19:42 4:10 2:00
Olli Maatta 0 0 0 0 0 0 1 0 0 1 0/0 14:40 0:34 0:00
Ondrej Palat 0 0 0 0 0 0 1 0 0 0 0/0 9:09 0:35 1:21
Patrick Marleau 0 0 0 0 0 0 0 1 0 1 0/0 10:59 0:00 2:10
Patrick Sharp 0 0 0 0 0 2 2 1 0 0 0/0 17:35 5:05 0:00
Ryan Getzlaf 0 0 0 0 4 1 1 0 0 0 6/15 18:06 5:03 0:00
Ryan Nugent-Hopkins 0 1 1 0 0 0 0 0 0 1 3/6 7:40 0:14 0:13
Ryan Suter 0 0 0 0 0 0 1 4 0 0 0/0 19:42 4:10 2:00
T.J. Oshie 1 0 1 0 0 2 1 1 1 0 0/0 7:21 0:08 0:00
Thomas Vanek 0 0 0 0 2 1 4 0 0 1 2/4 20:10 5:33 0:53
Victor Hedman 0 0 0 -1 0 3 1 0 0 2 0/0 27:15 6:47 3:57
3 Stars
1 - Cody Hodgson (NJD)
2 - Keith Kinkaid (NJD)
3 - Shea Weber (NJD)
Power Play
Devils - 0 on 3 Attempt(s) - 0.00%
Capitals - 0 on 5 Attempt(s) - 0.00%
Penalty Kill
Devils - 5 on 5 Attempt(s) - 100.00%
- Score 0 goal in Penalty Kill
Capitals - 3 on 3 Attempt(s) - 100.00%
- Score 0 goal in Penalty Kill
Team Stat
Devils - Hits : 17 - Faceoff Wins : 29 - Blocked Shots : 8 - Penalty Minutes : 23
Capitals - Hits : 23 - Faceoff Wins : 22 - Blocked Shots : 12 - Penalty Minutes : 6
Official
Referees : Unknown
Linesman : Unknown
Game Notes
Brandon Burlon ejected from game at 16:24 of 3rd period
Finance
Level 1 -- Attendance: 5943 (99.05%) -- Ticket Income $606,186
Level 2 -- Attendance: 5000 (100.00%) -- Ticket Income $260,000
Level 3 -- Attendance: 2000 (100.00%) -- Ticket Income $84,000
Level 4 -- Attendance: 4000 (100.00%) -- Ticket Income $104,000
Luxury Box -- Attendance: 847 (84.70%) -- Ticket Income $163,471
Game was played at the Verizon Center.
Total Attendance: 17790 (98.83%)
Total Ticket Income: $1,217,657
Other Income: $182,649
Total Income: $1,400,306
Devils
5 vs 5 Forward
Center Left Wing Right Wing Time % Phy DF OF
1 Cody Hodgson Jaden Schwartz Viktor Arvidsson 40 1 2 2
2 Ryan Johansen Johnny Gaudreau Nikita Kucherov 30 1 2 2
3 Tyler Seguin Kellan Lain Marian Hossa 20 1 2 2
4 Tyler Bozak Rostislav Olesz Anthony Stewart 10 1 2 2
5 vs 5 Defense
Defense Defense Time % Phy DF OF
1 Samuel Morin Shea Weber 40 1 2 2
2 Tobias Enstrom Pernell Karl Subban 30 1 2 2
3 Ladislav Smid Brandon Burlon 20 1 2 2
4 Ladislav Smid Pernell Karl Subban 10 1 2 2
PowerPlay Forward
Center Left Wing Right Wing Time % Phy DF OF
1 Ryan Johansen Johnny Gaudreau Nikita Kucherov 60 1 2 2
2 Tyler Seguin Jaden Schwartz Viktor Arvidsson 40 1 2 2
PowerPlay Defense
Defense Defense Time % Phy DF OF
1 Samuel Morin Shea Weber 60 1 2 2
2 Tobias Enstrom Pernell Karl Subban 40 1 2 2
Penalty Kill 4 Players Forward
Center Wing Time % Phy DF OF
1 Ryan Johansen Rostislav Olesz 60 1 2 2
2 Tyler Bozak Jaden Schwartz 40 1 2 2
Penalty Kill 4 Players Defense
Defense Defense Time % Phy DF OF
1 Ladislav Smid Pernell Karl Subban 60 1 2 2
2 Tobias Enstrom Samuel Morin 40 1 2 2
Penalty Kill - 3 Players Forward
Forward Time % Phy DF OF
1 Jaden Schwartz 60 1 2 2
2 Rostislav Olesz 40 1 2 2
Penalty Kill - 3 Players Defense
Defense Defense Time % Phy DF OF
1 Samuel Morin Shea Weber 60 1 2 2
2 Tobias Enstrom Pernell Karl Subban 40 1 2 2
4 vs 4 Forward
Center Wing Time % Phy DF OF
1 Cody Hodgson Johnny Gaudreau 60 1 2 2
2 Ryan Johansen Jaden Schwartz 40 1 2 2
4 vs 4 Defense
Defense Defense Time % Phy DF OF
1 Tobias Enstrom Ladislav Smid 60 1 2 2
2 Samuel Morin Shea Weber 40 1 2 2
Last Minutes Offensive
Center Left Wing Right Wing Defense Defense
Cody Hodgson Johnny Gaudreau Viktor Arvidsson Pernell Karl Subban Shea Weber
Last Minutes Defensive
Center Left Wing Right Wing Defense Defense
Ryan Johansen Jaden Schwartz Marian Hossa Pernell Karl Subban Shea Weber
Goaltenders
Starting : Keith Kinkaid
Backup : John Gibson
Extra Forwards
Normal : Cody Hodgson, Johnny Gaudreau, Anthony Stewart - PP : Rostislav Olesz, Cody Hodgson - PK : Anthony Stewart
Extra Defensemen
Normal : Ladislav Smid, Brandon Burlon, Tobias Enstrom - PP : Ladislav Smid - PK : Brandon Burlon, Tobias Enstrom
Penalty Shots
Johnny Gaudreau, Nikita Kucherov, Viktor Arvidsson, Ryan Johansen, Tyler Seguin
Scratches
Travis Hamonic (Left Eye Injury)
Capitals
5 vs 5 Forward
Center Left Wing Right Wing Time % Phy DF OF
1 Joe Thornton Thomas Vanek Joe Pavelski 40 1 2 2
2 Ryan Getzlaf Patrick Sharp Jason Pominville 30 1 2 2
3 Mikko Koivu Patrick Marleau Blake Wheeler 20 1 2 2
4 Ryan Nugent-Hopkins Ondrej Palat T.J. Oshie 10 1 2 2
5 vs 5 Defense
Defense Defense Time % Phy DF OF
1 Brent Seabrook Victor Hedman 40 1 2 2
2 Ryan Suter Nick Leddy 30 1 2 2
3 Josh Manson Olli Maatta 20 1 2 2
4 Brent Seabrook Victor Hedman 10 1 2 2
PowerPlay Forward
Center Left Wing Right Wing Time % Phy DF OF
1 Joe Thornton Thomas Vanek Joe Pavelski 60 1 2 2
2 Ryan Getzlaf Patrick Sharp Jason Pominville 40 1 2 2
PowerPlay Defense
Defense Defense Time % Phy DF OF
1 Brent Seabrook Victor Hedman 60 1 2 2
2 Ryan Suter Nick Leddy 40 1 2 2
Penalty Kill 4 Players Forward
Center Wing Time % Phy DF OF
1 Joe Thornton Joe Pavelski 60 1 2 2
2 Thomas Vanek Jason Pominville 40 1 2 2
Penalty Kill 4 Players Defense
Defense Defense Time % Phy DF OF
1 Brent Seabrook Victor Hedman 60 1 2 2
2 Ryan Suter Nick Leddy 40 1 2 2
Penalty Kill - 3 Players Forward
Forward Time % Phy DF OF
1 Joe Thornton 60 1 2 2
2 Joe Pavelski 40 1 2 2
Penalty Kill - 3 Players Defense
Defense Defense Time % Phy DF OF
1 Brent Seabrook Victor Hedman 60 1 2 2
2 Ryan Suter Nick Leddy 40 1 2 2
4 vs 4 Forward
Center Wing Time % Phy DF OF
1 Joe Thornton Joe Pavelski 60 1 2 2
2 Thomas Vanek Jason Pominville 40 1 2 2
4 vs 4 Defense
Defense Defense Time % Phy DF OF
1 Brent Seabrook Victor Hedman 60 1 2 2
2 Ryan Suter Nick Leddy 40 1 2 2
Last Minutes Offensive
Center Left Wing Right Wing Defense Defense
Joe Thornton Thomas Vanek Joe Pavelski Brent Seabrook Victor Hedman
Last Minutes Defensive
Center Left Wing Right Wing Defense Defense
Joe Thornton Thomas Vanek Joe Pavelski Brent Seabrook Victor Hedman
Goaltenders
Starting : Mike Smith
Backup : Tuukka Rask
Extra Forwards
Normal : Blake Wheeler, Mikko Koivu, Patrick Marleau - PP : Blake Wheeler, Mikko Koivu - PK : Patrick Marleau
Extra Defensemen
Normal : Josh Manson, Olli Maatta, Ryan Suter - PP : Josh Manson - PK : Olli Maatta, Ryan Suter
Penalty Shots
Joe Thornton, Joe Pavelski, Thomas Vanek, Jason Pominville, Patrick Sharp
Scratches
Justin Faulk (Broken Ribs Injury), Michael Schumacher (Healthy)
% Time on Ice - Devils
Lines # - Real PCT - Wanted PCT - Time Play
Normal Forward
1 - 36% - 40% - 15:17
2 - 26% - 30% - 11:04
3 - 21% - 20% - 8:56
4 - 17% - 10% - 7:15
Normal Defense
1 - 43% - 40% - 18:15
2 - 30% - 30% - 12:46
3 - 20% - 20% - 8:28
4 - 7% - 10% - 3:03
PP Forward
1 - 57% - 60% - 3:24
2 - 43% - 40% - 2:33
PP Defense
1 - 61% - 60% - 3:36
2 - 39% - 40% - 2:21
PK Forward
1 - 70% - 60% - 8:02
2 - 30% - 40% - 3:29
PK Defense
1 - 56% - 60% - 6:24
2 - 44% - 40% - 5:07
PK3 Forward
1 - 94% - 60% - 1:19
2 - 6% - 40% - 0:05
PK3 Defense
1 - 62% - 60% - 0:52
2 - 38% - 40% - 0:32
44 Forward
1 - 100% - 60% - 0:13
2 - 0% - 40% - 0:00
44 Defense
1 - 100% - 60% - 0:13
2 - 0% - 40% - 0:00
Last Minute Offensive - 0:00
Last Minute Defensive - 0:00
Total
Forward - 61:37
Defense - 61:37
|
% Time on Ice - Capitals
Lines # - Real PCT - Wanted PCT - Time Play
Normal Forward
1 - 34% - 40% - 14:32
2 - 29% - 30% - 12:30
3 - 21% - 20% - 8:49
4 - 16% - 10% - 6:41
Normal Defense
1 - 33% - 40% - 13:54
2 - 30% - 30% - 12:49
3 - 33% - 20% - 14:06
4 - 4% - 10% - 1:43
PP Forward
1 - 54% - 60% - 6:10
2 - 46% - 40% - 5:21
PP Defense
1 - 64% - 60% - 7:21
2 - 36% - 40% - 4:10
PK Forward
1 - 72% - 60% - 4:17
2 - 28% - 40% - 1:40
PK Defense
1 - 66% - 60% - 3:57
2 - 34% - 40% - 2:00
PK3 Forward
1 - 0% - 60%
2 - 0% - 40%
PK3 Defense
1 - 0% - 60%
2 - 0% - 40%
44 Forward
1 - 79% - 60% - 1:17
2 - 21% - 40% - 0:20
44 Defense
1 - 56% - 60% - 0:54
2 - 44% - 40% - 0:43
Last Minute Offensive - 0:00
Last Minute Defensive - 0:00
Total
Forward - 61:37
Defense - 61:37
|
Play-by-Play
1st period
0:01 of 1st period - Thomas Vanek wins face-off versus Cody Hodgson in neutral zone.
0:12 of 1st period - Wrist shot by Shea Weber.
0:12 of 1st period - Shot Misses the Net.
0:14 of 1st period - Snap shot by Cody Hodgson.
0:14 of 1st period - Deflect By Jaden Schwartz.
0:14 of 1st period - Shot Misses the Net.
0:14 of 1st period - Puck is out of play.
0:15 of 1st period - Nikita Kucherov wins face-off versus Ryan Getzlaf in Capitals zone.
0:20 of 1st period - Slapshot by Nikita Kucherov.
0:20 of 1st period - Stopped by Mike Smith without a rebound.
0:21 of 1st period - Ryan Johansen wins face-off versus Ryan Getzlaf in Capitals zone.
0:38 of 1st period - Slapshot by Ryan Johansen.
0:38 of 1st period - Shot Misses the Net.
0:46 of 1st period - Snap shot by Patrick Sharp.
0:46 of 1st period - Stopped by Keith Kinkaid without a rebound.
0:47 of 1st period - Mikko Koivu wins face-off versus Tyler Seguin in Devils zone.
0:56 of 1st period - Wrist shot by Mikko Koivu.
0:56 of 1st period - Stopped by Keith Kinkaid with a rebound.
1:35 of 1st period - Slapshot by Tyler Seguin.
1:35 of 1st period - Shot Misses the Net.
1:55 of 1st period - Josh Manson is hit by Tyler Seguin and loses puck.
2:02 of 1st period - Samuel Morin is hit by Thomas Vanek and loses puck.
3:53 of 1st period - Wrist shot by Joe Pavelski.
3:53 of 1st period - Shot Misses the Net.
3:55 of 1st period - Snap shot by Thomas Vanek.
3:55 of 1st period - Stopped by Keith Kinkaid without a rebound.
3:56 of 1st period - Cody Hodgson wins face-off versus Ryan Getzlaf in Devils zone.
4:05 of 1st period - Snap shot by Jaden Schwartz.
4:05 of 1st period - Stopped by Mike Smith without a rebound.
4:06 of 1st period - Cody Hodgson wins face-off versus Ryan Getzlaf in Capitals zone.
4:39 of 1st period - Icing by Tobias Enstrom.
4:40 of 1st period - Cody Hodgson wins face-off versus Mikko Koivu in Devils zone.
4:40 of 1st period - Cody Hodgson is hit by Blake Wheeler.
4:48 of 1st period - Wrist shot by Jaden Schwartz.
4:48 of 1st period - Shot Blocked by Patrick Marleau.
4:56 of 1st period - Mikko Koivu is hit by Jaden Schwartz and loses puck.
5:11 of 1st period - Wrist shot by Jaden Schwartz.
5:11 of 1st period - Shot Misses the Net.
5:13 of 1st period - Slapshot by Cody Hodgson.
5:13 of 1st period - Shot Blocked by T.J. Oshie.
5:41 of 1st period - Wrist shot by Nikita Kucherov.
5:41 of 1st period - Shot Misses the Net.
5:52 of 1st period - Icing by Victor Hedman.
5:53 of 1st period - Tyler Bozak wins face-off versus Mikko Koivu in Capitals zone.
5:58 of 1st period - Slapshot by Victor Hedman.
5:58 of 1st period - Shot Blocked by Brandon Burlon.
6:04 of 1st period - Slapshot by Blake Wheeler.
6:04 of 1st period - Stopped by Keith Kinkaid with a rebound.
6:46 of 1st period - Snap shot by Johnny Gaudreau.
6:46 of 1st period - Shot Blocked by Ryan Suter.
6:53 of 1st period - Icing by Ryan Nugent-Hopkins.
6:54 of 1st period - Cody Hodgson wins face-off versus Ryan Nugent-Hopkins in Capitals zone.
7:03 of 1st period - Wrist shot by Jaden Schwartz.
7:03 of 1st period - Stopped by Mike Smith with a rebound.
9:05 of 1st period - Wrist shot by Joe Pavelski.
9:05 of 1st period - Shot Misses the Net.
9:23 of 1st period - Rostislav Olesz is hit by Mikko Koivu and loses puck.
9:59 of 1st period - Icing by Ryan Johansen.
10:00 of 1st period - Joe Thornton wins face-off versus Tyler Seguin in Devils zone.
10:01 of 1st period - Snap shot by Joe Pavelski.
10:01 of 1st period - Deflect By Kellan Lain.
10:01 of 1st period - Stopped by Keith Kinkaid with a rebound.
10:11 of 1st period - Slapshot by Victor Hedman.
10:11 of 1st period - Stopped by Keith Kinkaid with a rebound.
10:13 of 1st period - Slapshot by Brent Seabrook.
10:13 of 1st period - Stopped by Keith Kinkaid without a rebound.
10:14 of 1st period - Cody Hodgson wins face-off versus Ryan Getzlaf in Devils zone.
10:48 of 1st period - Off-side.
10:49 of 1st period - Joe Thornton wins face-off versus Tyler Bozak in neutral zone.
10:56 of 1st period - Joe Thornton is hit by Shea Weber and loses puck.
11:15 of 1st period - Cody Hodgson is hit by Mikko Koivu and loses puck.
11:22 of 1st period - Ladislav Smid is hit by Nick Leddy and loses puck.
11:27 of 1st period - Wrist shot by Patrick Marleau.
11:27 of 1st period - Shot Blocked by Brandon Burlon.
11:29 of 1st period - Wrist shot by Patrick Marleau.
11:29 of 1st period - Deflect By Mikko Koivu.
11:29 of 1st period - Stopped by Keith Kinkaid without a rebound.
11:30 of 1st period - Ryan Getzlaf wins face-off versus Ryan Johansen in Devils zone.
13:15 of 1st period - Icing by Jason Pominville.
13:16 of 1st period - Ryan Getzlaf wins face-off versus Kellan Lain in Capitals zone.
13:49 of 1st period - Snap shot by Blake Wheeler.
13:49 of 1st period - Shot Blocked by Viktor Arvidsson.
14:48 of 1st period - Slapshot by Jaden Schwartz.
14:48 of 1st period - Goal by Jaden Schwartz - Devils : 1 - Capitals : 0.
14:49 of 1st period - Thomas Vanek wins face-off versus Cody Hodgson in neutral zone.
14:56 of 1st period - Wrist shot by Joe Pavelski.
14:56 of 1st period - Shot Misses the Net.
15:16 of 1st period - Brent Seabrook is hit by Ryan Johansen and loses puck.
15:41 of 1st period - Wrist shot by Victor Hedman.
15:41 of 1st period - Stopped by Keith Kinkaid without a rebound.
15:42 of 1st period - Ryan Nugent-Hopkins wins face-off versus Tyler Seguin in Devils zone.
15:43 of 1st period - Snap shot by T.J. Oshie.
15:43 of 1st period - Goal by T.J. Oshie - Devils : 1 - Capitals : 1.
15:44 of 1st period - Joe Thornton wins face-off versus Cody Hodgson in neutral zone.
16:09 of 1st period - Ryan Johansen is hit by Patrick Sharp and loses puck.
16:20 of 1st period - Snap shot by Patrick Sharp.
16:20 of 1st period - Shot Blocked by Ladislav Smid.
16:26 of 1st period - Minor Penalty to Nikita Kucherov for High sticking.
16:27 of 1st period - Joe Thornton wins face-off versus Ryan Johansen in Devils zone.
18:26 of 1st period - Penalty to Nikita Kucherov is over, Nikita Kucherov is back on ice.
18:29 of 1st period - Pernell Karl Subban is hit by Mikko Koivu.
18:35 of 1st period - Snap shot by Nikita Kucherov.
18:35 of 1st period - Shot Misses the Net.
18:37 of 1st period - Slapshot by Shea Weber.
18:37 of 1st period - Shot Misses the Net.
18:39 of 1st period - Slapshot by Nikita Kucherov.
18:39 of 1st period - Stopped by Mike Smith with a rebound.
18:41 of 1st period - Slapshot by Samuel Morin.
18:41 of 1st period - Stopped by Mike Smith without a rebound.
18:42 of 1st period - Ryan Nugent-Hopkins wins face-off versus Cody Hodgson in Capitals zone.
Goals for this period are 1 for Devils vs 1 for Capitals.
Shots for this period are 6 for Devils vs 10 for Capitals.
2nd period
0:01 of 2nd period - Joe Thornton wins face-off versus Cody Hodgson in neutral zone.
0:04 of 2nd period - Slapshot by Brent Seabrook.
0:04 of 2nd period - Shot Misses the Net.
0:06 of 2nd period - Wrist shot by Joe Pavelski.
0:06 of 2nd period - Shot Misses the Net.
0:08 of 2nd period - Slapshot by Brent Seabrook.
0:08 of 2nd period - Stopped by Keith Kinkaid without a rebound.
0:09 of 2nd period - Joe Thornton wins face-off versus Viktor Arvidsson in Devils zone.
0:20 of 2nd period - Snap shot by Joe Thornton.
0:20 of 2nd period - Shot Misses the Net.
0:22 of 2nd period - Slapshot by Victor Hedman.
0:22 of 2nd period - Stopped by Keith Kinkaid with a rebound.
0:52 of 2nd period - Snap shot by Jaden Schwartz.
0:52 of 2nd period - Shot Misses the Net.
1:21 of 2nd period - Slapshot by Viktor Arvidsson.
1:21 of 2nd period - Shot Blocked by Brent Seabrook.
1:39 of 2nd period - Snap shot by Joe Pavelski.
1:39 of 2nd period - Stopped by Keith Kinkaid without a rebound.
1:40 of 2nd period - Ryan Johansen wins face-off versus Ryan Getzlaf in Devils zone.
1:51 of 2nd period - Slapshot by Johnny Gaudreau.
1:51 of 2nd period - Shot Blocked by Ryan Suter.
2:46 of 2nd period - Snap shot by Patrick Sharp.
2:46 of 2nd period - Deflect By Ryan Getzlaf.
2:46 of 2nd period - Shot Misses the Net.
2:46 of 2nd period - Puck is out of play.
2:47 of 2nd period - Nikita Kucherov wins face-off versus Ryan Getzlaf in Devils zone.
2:47 of 2nd period - Nikita Kucherov is hit by Jason Pominville.
2:57 of 2nd period - Wrist shot by Ryan Johansen.
2:57 of 2nd period - Stopped by Mike Smith with a rebound.
2:59 of 2nd period - Minor Penalty to Ryan Getzlaf for Hooking.
3:00 of 2nd period - Ryan Johansen wins face-off versus Joe Thornton in Capitals zone.
3:13 of 2nd period - Wrist shot by Johnny Gaudreau.
3:13 of 2nd period - Stopped by Mike Smith with a rebound.
3:17 of 2nd period - Wrist shot by Nikita Kucherov.
3:17 of 2nd period - Stopped by Mike Smith with a rebound.
4:23 of 2nd period - Victor Hedman is hit by Jaden Schwartz and loses puck.
4:59 of 2nd period - Penalty to Ryan Getzlaf is over, Ryan Getzlaf is back on ice.
5:15 of 2nd period - Slapshot by Nick Leddy.
5:15 of 2nd period - Stopped by Keith Kinkaid with a rebound.
5:17 of 2nd period - Snap shot by Joe Pavelski.
5:17 of 2nd period - Shot Misses the Net.
5:19 of 2nd period - Slapshot by Nick Leddy.
5:19 of 2nd period - Stopped by Keith Kinkaid with a rebound.
5:31 of 2nd period - Snap shot by Ryan Getzlaf.
5:31 of 2nd period - Stopped by Keith Kinkaid with a rebound.
5:33 of 2nd period - Wrist shot by Ryan Getzlaf.
5:33 of 2nd period - Deflect By Joe Pavelski.
5:33 of 2nd period - Shot Misses the Net.
5:33 of 2nd period - Puck is out of play.
5:34 of 2nd period - Ryan Nugent-Hopkins wins face-off versus Tyler Seguin in Devils zone.
5:37 of 2nd period - Wrist shot by T.J. Oshie.
5:37 of 2nd period - Shot Misses the Net.
5:39 of 2nd period - Snap shot by T.J. Oshie.
5:39 of 2nd period - Shot Misses the Net.
5:41 of 2nd period - Wrist shot by Olli Maatta.
5:41 of 2nd period - Shot Misses the Net.
5:43 of 2nd period - Slapshot by Olli Maatta.
5:43 of 2nd period - Deflect By T.J. Oshie.
5:43 of 2nd period - Stopped by Keith Kinkaid without a rebound.
5:44 of 2nd period - Tyler Seguin wins face-off versus Ryan Nugent-Hopkins in Devils zone.
5:46 of 2nd period - Minor Penalty to Kellan Lain for Hooking.
5:47 of 2nd period - Ryan Johansen wins face-off versus Joe Thornton in Devils zone.
6:11 of 2nd period - Ryan Johansen is hit by Ryan Getzlaf.
7:46 of 2nd period - Penalty to Kellan Lain is over, Kellan Lain is back on ice.
7:56 of 2nd period - Rostislav Olesz is hit by Mikko Koivu and loses puck.
8:14 of 2nd period - Off-side.
8:15 of 2nd period - Cody Hodgson wins face-off versus Ryan Nugent-Hopkins in neutral zone.
8:27 of 2nd period - Minor Penalty to Jaden Schwartz for Hooking.
8:28 of 2nd period - Joe Thornton wins face-off versus Ryan Johansen in Devils zone.
9:08 of 2nd period - Wrist shot by Tyler Bozak.
9:08 of 2nd period - Shot Blocked by Ryan Suter.
9:34 of 2nd period - Ryan Johansen is hit by Thomas Vanek.
10:27 of 2nd period - Penalty to Jaden Schwartz is over, Jaden Schwartz is back on ice.
10:30 of 2nd period - Snap shot by Blake Wheeler.
10:30 of 2nd period - Stopped by Keith Kinkaid with a rebound.
10:32 of 2nd period - Slapshot by Blake Wheeler.
10:32 of 2nd period - Stopped by Keith Kinkaid without a rebound.
10:33 of 2nd period - Cody Hodgson wins face-off versus Mikko Koivu in Devils zone.
10:59 of 2nd period - Wrist shot by Blake Wheeler.
10:59 of 2nd period - Stopped by Keith Kinkaid without a rebound.
11:00 of 2nd period - Ryan Johansen wins face-off versus Thomas Vanek in Devils zone.
11:00 of 2nd period - Ryan Johansen is hit by Joe Pavelski.
11:06 of 2nd period - Wrist shot by Nikita Kucherov.
11:06 of 2nd period - Stopped by Mike Smith with a rebound.
11:33 of 2nd period - Backhand shot by Ryan Getzlaf.
11:33 of 2nd period - Shot Misses the Net.
11:49 of 2nd period - Slapshot by Pernell Karl Subban.
11:49 of 2nd period - Shot Blocked by Ryan Suter.
12:13 of 2nd period - Snap shot by Rostislav Olesz.
12:13 of 2nd period - Shot Blocked by Nick Leddy.
12:37 of 2nd period - Snap shot by Cody Hodgson.
12:37 of 2nd period - Shot Misses the Net.
12:39 of 2nd period - Wrist shot by Jaden Schwartz.
12:39 of 2nd period - Stopped by Mike Smith with a rebound.
12:53 of 2nd period - Slapshot by Patrick Sharp.
12:53 of 2nd period - Stopped by Keith Kinkaid without a rebound.
12:54 of 2nd period - Ryan Getzlaf wins face-off versus Ryan Johansen in Devils zone.
13:09 of 2nd period - Snap shot by Nikita Kucherov.
13:09 of 2nd period - Stopped by Mike Smith with a rebound.
13:11 of 2nd period - Snap shot by Nikita Kucherov.
13:11 of 2nd period - Stopped by Mike Smith with a rebound.
13:17 of 2nd period - Minor Penalty to Ryan Getzlaf for Hooking.
13:18 of 2nd period - Ryan Johansen wins face-off versus Joe Thornton in Capitals zone.
14:01 of 2nd period - Snap shot by Jaden Schwartz.
14:01 of 2nd period - Shot Misses the Net.
14:53 of 2nd period - Nikita Kucherov is hit by Ondrej Palat and loses puck.
15:17 of 2nd period - Penalty to Ryan Getzlaf is over, Ryan Getzlaf is back on ice.
15:38 of 2nd period - Josh Manson is hit by Kellan Lain and loses puck.
15:56 of 2nd period - Icing by T.J. Oshie.
15:57 of 2nd period - Viktor Arvidsson wins face-off versus Ryan Getzlaf in Capitals zone.
16:00 of 2nd period - Wrist shot by Jaden Schwartz.
16:00 of 2nd period - Stopped by Mike Smith with a rebound.
17:19 of 2nd period - Backhand shot by Ryan Getzlaf.
17:19 of 2nd period - Deflect By Patrick Sharp.
17:19 of 2nd period - Shot Blocked by Pernell Karl Subban.
17:19 of 2nd period - Puck is out of play.
17:20 of 2nd period - Cody Hodgson wins face-off versus Ryan Getzlaf in Devils zone.
17:20 of 2nd period - Cody Hodgson is hit by Patrick Sharp.
17:34 of 2nd period - Wrist shot by Ryan Getzlaf.
17:34 of 2nd period - Shot Misses the Net.
17:36 of 2nd period - Backhand shot by Brent Seabrook.
17:36 of 2nd period - Deflect By Patrick Sharp.
17:36 of 2nd period - Shot Misses the Net.
17:36 of 2nd period - Puck is out of play.
17:37 of 2nd period - Joe Thornton wins face-off versus Ryan Johansen in Devils zone.
17:40 of 2nd period - Snap shot by Joe Pavelski.
17:40 of 2nd period - Shot Misses the Net.
17:42 of 2nd period - Wrist shot by Brent Seabrook.
17:42 of 2nd period - Stopped by Keith Kinkaid with a rebound.
18:04 of 2nd period - Jaden Schwartz is hit by Jason Pominville and loses puck.
18:35 of 2nd period - Slapshot by Blake Wheeler.
18:35 of 2nd period - Shot Misses the Net.
18:37 of 2nd period - Wrist shot by Victor Hedman.
18:37 of 2nd period - Shot Blocked by Tobias Enstrom.
19:11 of 2nd period - Off-side.
19:12 of 2nd period - Ryan Johansen wins face-off versus Thomas Vanek in neutral zone.
Goals for this period are 0 for Devils vs 0 for Capitals.
Shots for this period are 8 for Devils vs 12 for Capitals.
3rd period
0:01 of 3rd period - Joe Thornton wins face-off versus Cody Hodgson in neutral zone.
0:52 of 3rd period - Patrick Marleau is hit by Brandon Burlon and loses puck.
1:07 of 3rd period - Snap shot by Rostislav Olesz.
1:07 of 3rd period - Shot Misses the Net.
1:09 of 3rd period - Snap shot by Tobias Enstrom.
1:09 of 3rd period - Stopped by Mike Smith with a rebound.
1:11 of 3rd period - Snap shot by Rostislav Olesz.
1:11 of 3rd period - Stopped by Mike Smith with a rebound.
1:13 of 3rd period - Snap shot by Rostislav Olesz.
1:13 of 3rd period - Stopped by Mike Smith without a rebound.
1:14 of 3rd period - Cody Hodgson wins face-off versus Joe Thornton in Capitals zone.
1:45 of 3rd period - Slapshot by Johnny Gaudreau.
1:45 of 3rd period - Deflect By Patrick Sharp.
1:45 of 3rd period - Shot Blocked by Brent Seabrook.
1:45 of 3rd period - Puck is out of play.
1:46 of 3rd period - Ryan Getzlaf wins face-off versus Cody Hodgson in Capitals zone.
1:46 of 3rd period - Ryan Getzlaf is hit by Jaden Schwartz.
2:14 of 3rd period - Minor Penalty to Pernell Karl Subban for Slashing.
2:15 of 3rd period - Ryan Johansen wins face-off versus Joe Thornton in Devils zone.
2:15 of 3rd period - Ryan Johansen is hit by Thomas Vanek.
2:29 of 3rd period - Snap shot by Joe Thornton.
2:29 of 3rd period - Stopped by Keith Kinkaid with a rebound.
2:31 of 3rd period - Wrist shot by Brent Seabrook.
2:31 of 3rd period - Stopped by Keith Kinkaid with a rebound.
4:14 of 3rd period - Penalty to Pernell Karl Subban is over, Pernell Karl Subban is back on ice.
4:17 of 3rd period - Ladislav Smid is hit by Ryan Suter and loses puck.
4:24 of 3rd period - Snap shot by Blake Wheeler.
4:24 of 3rd period - Shot Blocked by Rostislav Olesz.
4:26 of 3rd period - Slapshot by Josh Manson.
4:26 of 3rd period - Shot Misses the Net.
5:33 of 3rd period - Ryan Getzlaf is hit by Johnny Gaudreau and loses puck.
6:03 of 3rd period - Minor Penalty to Thomas Vanek for Hooking.
6:04 of 3rd period - Ryan Johansen wins face-off versus Joe Thornton in Capitals zone.
6:18 of 3rd period - Brent Seabrook is hit by Johnny Gaudreau and loses puck.
6:48 of 3rd period - Nick Leddy is hit by Nikita Kucherov and loses puck.
7:05 of 3rd period - Nick Leddy is hit by Tyler Seguin and loses puck.
7:49 of 3rd period - Jason Pominville is hit by Nikita Kucherov.
8:03 of 3rd period - Penalty to Thomas Vanek is over, Thomas Vanek is back on ice.
8:50 of 3rd period - Brent Seabrook is hit by Kellan Lain and loses puck.
9:23 of 3rd period - Cody Hodgson is hit by Mikko Koivu and loses puck.
9:59 of 3rd period - Slapshot by Pernell Karl Subban.
9:59 of 3rd period - Stopped by Mike Smith with a rebound.
10:37 of 3rd period - Cody Hodgson is hit by Olli Maatta and loses puck.
11:30 of 3rd period - Slapshot by Patrick Sharp.
11:30 of 3rd period - Shot Misses the Net.
11:32 of 3rd period - Wrist shot by Ryan Getzlaf.
11:32 of 3rd period - Shot Misses the Net.
11:42 of 3rd period - Backhand shot by Kellan Lain.
11:42 of 3rd period - Stopped by Mike Smith with a rebound.
12:16 of 3rd period - Pernell Karl Subban is hit by T.J. Oshie and loses puck.
13:09 of 3rd period - Snap shot by Jason Pominville.
13:09 of 3rd period - Stopped by Keith Kinkaid with a rebound.
13:19 of 3rd period - Wrist shot by Ryan Johansen.
13:19 of 3rd period - Stopped by Mike Smith without a rebound.
13:20 of 3rd period - Cody Hodgson wins face-off versus Joe Thornton in Capitals zone.
13:21 of 3rd period - Wrist shot by Viktor Arvidsson.
13:21 of 3rd period - Stopped by Mike Smith without a rebound.
13:22 of 3rd period - Cody Hodgson wins face-off versus Joe Thornton in Capitals zone.
13:33 of 3rd period - Snap shot by Jaden Schwartz.
13:33 of 3rd period - Shot Misses the Net.
14:02 of 3rd period - Wrist shot by Thomas Vanek.
14:02 of 3rd period - Deflect By Joe Thornton.
14:02 of 3rd period - Shot Blocked by Tyler Bozak.
14:02 of 3rd period - Puck is out of play.
14:03 of 3rd period - Ryan Johansen wins face-off versus Mikko Koivu in Devils zone.
14:08 of 3rd period - Slapshot by Pernell Karl Subban.
14:08 of 3rd period - Shot Blocked by Blake Wheeler.
14:14 of 3rd period - Slapshot by Blake Wheeler.
14:14 of 3rd period - Shot Misses the Net.
14:16 of 3rd period - Slapshot by Josh Manson.
14:16 of 3rd period - Stopped by Keith Kinkaid without a rebound.
14:17 of 3rd period - Ryan Getzlaf wins face-off versus Cody Hodgson in Devils zone.
14:26 of 3rd period - Wrist shot by Cody Hodgson.
14:26 of 3rd period - Shot Misses the Net.
14:28 of 3rd period - Slapshot by Shea Weber.
14:28 of 3rd period - Shot Blocked by Patrick Sharp.
14:30 of 3rd period - Snap shot by Viktor Arvidsson.
14:30 of 3rd period - Shot Misses the Net.
14:32 of 3rd period - Slapshot by Samuel Morin.
14:32 of 3rd period - Shot Blocked by Brent Seabrook.
14:42 of 3rd period - Nikita Kucherov is hit by Thomas Vanek.
15:32 of 3rd period - Wrist shot by Tyler Bozak.
15:32 of 3rd period - Stopped by Mike Smith without a rebound.
15:33 of 3rd period - Ryan Getzlaf wins face-off versus Tyler Bozak in Capitals zone.
16:06 of 3rd period - Slapshot by Rostislav Olesz.
16:06 of 3rd period - Stopped by Mike Smith with a rebound.
16:08 of 3rd period - Snap shot by Anthony Stewart.
16:08 of 3rd period - Stopped by Mike Smith with a rebound.
16:10 of 3rd period - Slapshot by Anthony Stewart.
16:10 of 3rd period - Stopped by Mike Smith without a rebound.
16:11 of 3rd period - Mikko Koivu wins face-off versus Tyler Seguin in Capitals zone.
16:11 of 3rd period - Mikko Koivu is hit by Tyler Seguin.
16:21 of 3rd period - Slapshot by Nick Leddy.
16:21 of 3rd period - Stopped by Keith Kinkaid without a rebound.
16:22 of 3rd period - Tyler Seguin wins face-off versus Mikko Koivu in Devils zone.
16:24 of 3rd period - Major / Game Misconduct Penalty to Brandon Burlon for Butt-ending.
16:24 of 3rd period - Brandon Burlon is ejected from game.
16:25 of 3rd period - Ryan Johansen wins face-off versus Joe Thornton in Devils zone.
18:08 of 3rd period - Johnny Gaudreau is hit by Victor Hedman and loses puck.
18:25 of 3rd period - Tobias Enstrom is hit by Joe Thornton and loses puck.
18:44 of 3rd period - Nick Leddy is hit by Jaden Schwartz and loses puck.
19:39 of 3rd period - Mikko Koivu is hit by Johnny Gaudreau and loses puck.
Goals for this period are 0 for Devils vs 0 for Capitals.
Shots for this period are 11 for Devils vs 5 for Capitals.
Overtime #1
0:01 of 1st overtime period - Jaden Schwartz wins face-off versus Joe Thornton in neutral zone.
1:13 of 1st overtime period - Slapshot by Blake Wheeler.
1:13 of 1st overtime period - Stopped by Keith Kinkaid with a rebound.
1:24 of 1st overtime period - Penalty to Brandon Burlon is over, Johnny Gaudreau is send on ice.
1:35 of 1st overtime period - Slapshot by Cody Hodgson.
1:35 of 1st overtime period - Stopped by Mike Smith with a rebound.
1:37 of 1st overtime period - Snap shot by Cody Hodgson.
1:37 of 1st overtime period - Goal by Cody Hodgson - Devils : 2 - Capitals : 1.
Goals for this period are 1 for Devils vs 0 for Capitals.
Shots for this period are 2 for Devils vs 1 for Capitals.
Back to the Top